 Dungeon Crawl Stone Soup version 0.31-a0-983-g7b6862f502 (webtiles) character file.

Game seed: 17114167454924217795

447 LeprechaunX the Changeling (level 7, -1/46 HPs)
             Began as an Octopode Shapeshifter on Nov 2, 2023.
             Slain by an ufetubus (4 damage)
             ... on level 4 of the Dungeon.
             The game lasted 00:02:53 (2830 turns).

LeprechaunX the Changeling (Octopode Shapeshifter)  Turns: 2830, Time: 00:02:54

Health: -1/46      AC:  1    Str: 20    XL:     7   Next: 3%
Magic:  7/7        EV: 13    Int: 18    God:
Gold:   125        SH:  0    Dex: 13    Spells: 6/6 levels left

rFire   . .          .
                       - Unarmed
rCold   . . .        (no shield)
rNeg    . . .        (helmet currently unavailable)
rPois   .            (no amulet)
rElec   .            i - +6 ring of intelligence
rCorr   .            m - +6 ring of strength
SInv    .            (no ring)
Will    .....        (no ring)
Stlth   ++           (no ring)
HPRegen 0.27/turn    (no ring)
MPRegen 0.10/turn    (no ring)
                     (no ring)

%: no passive effects
@: beast-form
A: beast (slay +2), almost no armour, amphibious, 8 rings, camouflage 1,
gelatinous body 1, (nimble swimmer 1), tentacles
a: Begin Untransformation


You were on level 4 of the Dungeon.
You were a hulking beast.
You visited 1 branch of the dungeon, and saw 4 of its levels.

You collected 125 gold pieces.

Inventory:

Hand Weapons
 q - a -1 sling
Missiles
 d - 2 javelins
 g - 4 atropa-tipped darts
Jewellery
 i - a +6 ring of intelligence (left tentacle)
 m - a +6 ring of strength (right tentacle)
Talismans
 b - a beast talisman
 c - a flux talisman
Scrolls
 e - 2 scrolls of summoning {unknown}
 f - 4 scrolls of identify {unknown}
 h - 2 scrolls of amnesia {unknown}
 j - a scroll of brand weapon {unknown}
 l - a scroll of fog {unknown}
 n - a scroll of torment {unknown}
 r - a scroll of vulnerability {unknown}
Potions
 a - a potion of lignification
 k - 3 potions of berserk rage {unknown}
 o - a potion of haste {unknown}
 p - a potion of brilliance {unknown}


   Skills:
 + Level 3.2 Fighting
 + Level 2.6 Throwing
 - Level 2.0 Dodging
 + Level 4.3 Unarmed Combat
 * Level 5.1 Shapeshifting


You had 6 spell levels left.
You didn't know any spells.
Your spell library was empty.

Dungeon Overview and Level Annotations

Branches:
Dungeon (4/15)
 Temple: D:4-7

Altars:
Vehumet
The Shining One

Shops:
D:4 (


Innate Abilities, Weirdness & Mutations

You are a hulking beast.
Your limbs bulge with bestial killing power. (Slay +2)
You cannot wear most types of armour.
You are amphibious.
You can wear up to eight rings at the same time.
Your skin changes colour to match your surroundings (Stealth+).
Your rubbery body absorbs attacks. (AC +1, EV +1)
((You are camouflaged when in or above water. (Stealth+)))
You have tentacles for arms and can constrict up to eight enemies at once.


Message History

You tentacle-slap the ufetubus. Your grab misses the ufetubus.
The ufetubus is heavily wounded.
The orc hits you with a +0 club. The ufetubus barely misses you. x2
You barely miss the ufetubus. Your grab misses the ufetubus.
The ufetubus is heavily wounded.
The orc barely misses you. The ufetubus hits you. x2
You are too injured to fight recklessly!
You are too injured to fight recklessly!
Unknown command.
You tentacle-slap the ufetubus but do no damage.
You grab the ufetubus.
The ufetubus is heavily wounded.
You constrict the ufetubus. The ufetubus hits you. x2
The orc barely misses you. The ufetubus closely misses you.
The ufetubus hits you.
Unknown command.
You tentacle-slap the ufetubus but do no damage.
The ufetubus is heavily wounded.
You constrict the ufetubus. The orc hits you with a +0 club.
* * * LOW HITPOINT WARNING * * *
The ufetubus hits you.
* * * LOW HITPOINT WARNING * * *
The ufetubus hits you.
* * * LOW HITPOINT WARNING * * *
The ufetubus hits you but does no damage.
The ufetubus barely misses you.
You tentacle-slap the ufetubus.
You kill the ufetubus!
The orc barely misses you. The ufetubus closely misses you.
The ufetubus barely misses you.
Unknown command.
You completely miss the orc. You grab the orc. You constrict the orc.
The ufetubus barely misses you. The ufetubus closely misses you.
The orc closely misses you.
Unknown command.
You bludgeon the orc!
You kill the orc!
The ufetubus hits you but does no damage.
The ufetubus hits you.
You die...

## .( #.#. .#
#.#. .# ..... .#
......###.#
.......5))#
......##h.#
#......))#......
#.$.###.## .####
#..###.## #.#
#.......###....
##.#####.#.# ##
#..### #....#
##.#.#


You could see an ufetubus.

Vanquished Creatures
  Grinder (D:4)
  A black bear (D:4)
  A hound (D:4)
  An iguana (D:4)
  An adder (D:4)
  An ufetubus (D:4)
  3 worms (D:3)
  6 orcs
  4 ball pythons
  6 endoplasms
  5 giant cockroaches
  6 goblins
  10 hobgoblins
  4 jackals (D:4)
  5 kobolds
  4 quokkas
  4 bats
  5 frilled lizards
  5 rats
73 creatures vanquished.

Notes
Turn   | Place    | Note
-------+----------+-------------------------------------------
     0 | D:1      | LeprechaunX the Octopode Shapeshifter began the quest for
                  | the Orb.
     0 | D:1      | Reached XP level 1. HP: 13/13 MP: 1/1
    81 | D:1      | Reached XP level 2. HP: 14/18 MP: 2/2
   362 | D:1      | Reached XP level 3. HP: 16/23 MP: 3/3
  1260 | D:2      | Found a radiant altar of Vehumet.
  1491 | D:3      | Found a glowing golden altar of the Shining One.
  1970 | D:3      | Reached XP level 4. HP: 29/29 MP: 4/4
  2032 | D:3      | Reached skill level 1 in Throwing
  2527 | D:4      | Found Harphaga's Antique Weapon Emporium.
  2554 | D:4      | Noticed a black bear
  2564 | D:4      | Killed a black bear
  2565 | D:4      | Reached skill level 4 in Shapeshifting
  2565 | D:4      | Reached XP level 5. HP: 21/35 MP: 5/5
  2745 | D:4      | Noticed Grinder
  2750 | D:4      | Reached XP level 6. HP: 39/41 MP: 6/6
  2754 | D:4      | Killed Grinder
  2755 | D:4      | Reached skill level 5 in Shapeshifting
  2755 | D:4      | Reached XP level 7. HP: 35/46 MP: 7/7
  2827 | D:4      | HP: 2/46 [ufetubus (4)]
  2830 | D:4      | Slain by an ufetubus

Illustrated notes

Levels and vault maps discovered:
D:1:      dpeg_arrival_prison, layout_basic, serial_bayou_pond_d
D:2:      layout_basic, basic_altar, grunt_ministairs_13
D:3:      layout_basic, lemuel_tele_altar
D:4:      layout_loops_ring, lemuel_zombie_altar_kikubaaqudgha,
          mainiacjoe_overflow_alcove_4, serial_shops, nicolae_shop_scrapyard,
          hex_large, uniq_blork_the_orc, uniq_menkaure, uniq_grinder

Skill      XL: |  1  2  3  4  5  6 |
---------------+-------------------+-----
Throwing       | 1 2 |  2.6
Fighting       | 2 3 |  3.2
Shapeshifting  | 4 5 |  5.1
Unarmed Combat | 4 |  4.3
Dodging        | |  2.0

Action                     |  1- 3 |  4- 6 |  7- 9 || total
---------------------------+-------+-------+-------++-------
  Melee: Unarmed           |    76 |    49 |    12 ||   137
         Constrict         |    19 |    11 |     4 ||    34
         Tentacles         |    14 |    10 |     2 ||    26
         Punch             |     2 |     3 |       ||     5
   Stab: Sleeping          |     9 |     1 |       ||    10
 Armour: Skin              |    22 |    19 |    16 ||    57
  Dodge: Dodged            |    50 |    22 |    15 ||    87

Table legend: (Time is in decaauts)
 A = Elapsed time spent in this place.
 B = Non-inter-level travel time spent in this place.
 C = Inter-level travel time spent in this place.
 D = Time resting spent in this place.
 E = Time spent auto-exploring this place.
 F = Levels seen in this place.
 G = Mean time per level.
                   A        B        C        D        E       F      G
               +--------+--------+--------+--------+--------+-----+--------+
         Total |   2818 |   2724 |     94 |      0 |   2292 |   4 |  704.5 |
       Dungeon |   2818 |   2724 |     94 |      0 |   2292 |   4 |  704.5 |
               +--------+--------+--------+--------+--------+-----+--------+

Top non-repeatable levels by time:
     D:3: 1022 daAuts
     D:2: 734 daAuts
     D:1: 696 daAuts
     D:4: 365 daAuts
